 Dungeon Crawl Stone Soup version 0.32-a0-128-g77eb882913 (webtiles) character file.

Game seed: 15152437798764449212

29164 Ge0ff the Spear-Bearer (level 13, -6/103 HPs)
             Began as a Mummy Reaver on Feb 8, 2024.
             Was the Champion of Yredelemnul.
             Killed from afar by Mousus6's ghost (34 damage)
             ... on level 4 of the Lair of Beasts.
             The game lasted 00:47:52 (19040 turns).

Ge0ff the Spear-Bearer (Mummy Reaver)              Turns: 19040, Time: 00:47:53

Health: -6/103     AC: 19    Str: 20    XL:     13   Next: 13%
Magic:  19/19      EV:  8    Int: 17    God:    Yredelemnul [******]
Gold:   1050       SH:  5    Dex: 12    Spells: 13/18 levels left

rFire   x . .        b - +2 trident (freeze)
rCold   + . .        (no shield)
rNeg    + + +        W - +0 chain mail
rPois   ∞            c - +2 helmet
rElec   .            K - +0 cloak
rCorr   .            (no gloves)
SInv    .            N - +0 pair of boots
Will    +....        U - amulet of reflection Stlth
                     e - +4 ring of protection {=R}
HPRegen 0.37/turn    y - ring of Lonwopack {+Blink Fly Int+4 Dex+2}
MPRegen 0.16/turn

%: reflection, faith
@: flying
A: cold resistance 1, negative energy resistance 3, torment resistance 2, heat
vulnerability 1, in touch with death 2, no potions, faith
a: Renounce Religion, Evoke Blink, Recall Undead Harvest, Dark Bargain, Drain
Life, Bind Soul


You were on level 4 of the Lair of Beasts.
You worshipped Yredelemnul.
Yredelemnul was aware of your devotion.
You visited 3 branches of the dungeon, and saw 16 of its levels.

You collected 1050 gold pieces.

Inventory:

Hand Weapons
 a - a +5 spear of venom
 b - a +2 trident of freezing (weapon)
 w - a +0 sling
 z - a +1 dagger of holy wrath
 A - a +4 dagger of distortion
 C - a +1 scimitar of flaming
 F - a +0 glaive
 O - a +1 whip of electrocution
 X - a +0 scythe
 Y - a +2 dagger of chaos
 Z - a +2 hand axe of draining
Missiles
 f - 47 poisoned darts
 g - 2 throwing nets {=F}
 D - 101 stones
 I - 7 boomerangs (quivered)
Armour
 c - a +2 helmet (worn)
 H - the +4 robe of Folly {Brill Will-∞ Int+8}
   (You found it on level 8 of the Dungeon)

   Brill:     It increases the power of your magical spells and halves their MP
   cost (rounding up).
   Will-∞: It reduces your willpower to zero.
   Int+8:     It affects your intelligence (+8).
 K - a +0 cloak (worn)
 N - a +0 pair of boots (worn)
 R - a +0 plate armour
 W - a +0 chain mail (worn)
Magical Staves
 L - a staff of earth
Jewellery
 e - a +4 ring of protection (left hand) {=R}
 y - the ring of Lonwopack (right hand) {+Blink Fly Int+4 Dex+2}
   (You found it on level 2 of the Lair of Beasts)

   [ring of flight]

   Int+4:     It affects your intelligence (+4).
   Dex+2:     It affects your dexterity (+2).
   Fly:       It grants you flight.
   +Blink:    It lets you blink.
 G - an amulet of the acrobat
 M - a +6 ring of intelligence
 U - an amulet of reflection (around neck)
Wands
 d - a wand of digging (3)
 j - a wand of acid (11)
 p - a wand of paralysis (20)
 r - a wand of roots (12)
 P - a wand of polymorph (20)
Scrolls
 i - a scroll of identify
 k - a scroll of amnesia
 m - a scroll of revelation
 x - a scroll of enchant weapon
 B - 2 scrolls of blinking
 E - a scroll of fear
 J - a scroll of silence {!r}
 Q - 4 scrolls of enchant armour
 S - a scroll of summoning
 T - 7 scrolls of teleportation
 V - 4 scrolls of vulnerability


   Skills:
 - Level 10.0 Fighting
 + Level 13.2 Polearms
 - Level 2.0 Throwing
 - Level 5.0 Armour
 - Level 2.0 Dodging
 - Level 1.0 Stealth
 - Level 3.0 Spellcasting
 - Level 2.4 Conjurations
 - Level 2.0 Necromancy
 + Level 8.8 Invocations
 - Level 5.0 Evocations


You had 13 spell levels left.
You knew the following spells:

 Your Spells              Type           Power      Damage    Failure   Level
n - Dispel Undead         Necr           21%        3d11      99%         4
E - Kiss of Death         Conj/Necr      88%        2d12      45%         1

Your spell library contained the following spells:

 Spells                   Type           Power      Damage    Failure   Level
 Magic Dart               Conj           40%        1d5       43%         1
 Necrotise                Necr           84%        1d8       47%         1
 Sting                    Conj/Alch      24%        1d4       58%         1
 Momentum Strike          Conj/Tloc      12%        3d8       75%         2
 Apportation              Tloc           4%         N/A       77%         1
 Sandblast                Erth           4%         2d4       77%         1
 Summon Small Mammal      Summ           8%         N/A       77%         1
 Fugue of the Fallen      Necr           21%        N/A       85%         3
 Blink                    Tloc           4%         N/A       88%         2
 Call Imp                 Summ           4%         N/A       88%         2
 Hailstorm                Conj/Ice       6%         3d5       92%         3
 Stone Arrow              Conj/Erth      12%        3d7       92%         3
 Confusing Touch          Hex            2%         N/A       98%         3
 Frozen Ramparts          Ice            4%         1d1       98%         3
 Ozocubu's Armour         Ice            2%         N/A       98%         3
 Passwall                 Erth           2%         N/A       98%         3
 Anguish                  Hex/Necr       6%         N/A       100%        4
 Brom's Barrelling Bould  Conj/Erth      6%         2d3       100%        4
 Cause Fear               Hex            1%         N/A       100%        4
 Leda's Liquefaction      Alch/Erth      1%         N/A       100%        4
 Manifold Assault         Tloc           2%         N/A       100%        4
 Petrify                  Alch/Erth      2%         N/A       100%        4
 Summon Blazeheart Golem  Fire/Summ      2%         N/A       100%        4
 Fireball                 Conj/Fire      3%         3d4       100%        5
 Iskenderun's Battlesphe  Conj           10%        2d6       100%        5
 Metabolic Englaciation   Hex/Ice        1%         N/A       100%        5
 Conjure Ball Lightning   Conj/Air       3%         3x3d6     100%        6
 Enfeeble                 Hex            1%         N/A       100%        7
 Orb of Destruction       Conj           5%         9d5       100%        7
 Spellforged Servitor     Conj/Summ      3%         N/A       100%        7


Dungeon Overview and Level Annotations

Branches:
Dungeon (11/15) Zot: 25717  Temple (1/1) D:4 Zot: 5968    Lair (4/5) D:11 Zot: 19436
  Swamp (0/4) Lair:2       Spider (0/4) Lair:2          Orc (0/2) D:10
  Slime: Lair:4-5

Altars:
Ashenzari
Cheibriados
Dithmenos
Fedhas
Gozag
Hepliaklqana
Kikubaaqudgha
Makhleb
Nemelex Xobeh
Okawaru
Qazlal
Ru
Sif Muna
Trog
Uskayaw
Vehumet
Wu Jian
Xom
Yredelemnul

Shops:
D:10 *

Annotations:
Lair:4 Mousus6's ghost, journeyman OnFE


Innate Abilities, Weirdness & Mutations

You are immune to poison.
Your flesh is cold resistant. (rC+)
You are immune to negative energy. (rN+++)
You are immune to unholy pain and torment.
You are vulnerable to heat. (rF-)
You are strongly in touch with the powers of death.
You do not drink.
You have a special connection with the divine. (Faith)


Message History

Deactivating autopickup; reactivate with Ctrl-A.
The cane toad stings your wyvern zombie!!
The polar bear bites your wyvern zombie!
Your wyvern zombie is destroyed!
Training target 10.0 for Fighting reached!
Your Fighting skill increases to level 10!
You swap places.
Something hits your bound five-headed hydra.
The cane toad closely misses your bound five-headed hydra.
The polar bear bites your bound five-headed hydra!
The polar bear claws your bound five-headed hydra but does no damage.
The polar bear barely misses your bound five-headed hydra.
You could not reach far enough!
Something barely misses your bound five-headed hydra.
The cane toad stings your bound five-headed hydra.
Your bound five-headed hydra bites the cane toad. x2
Your bound five-headed hydra bites the cane toad! x2
Your bound five-headed hydra drains the cane toad.
Your bound five-headed hydra bites the cane toad but does no damage.
You could not reach far enough!
The polar bear bites your bound five-headed hydra.
The polar bear claws your bound five-headed hydra.
The polar bear completely misses your bound five-headed hydra.
Mousus6's ghost mumbles some strange words.
The bolt of lightning hits something!!
Reactivating autopickup.
The cane toad dissolves into shadows!
The bolt of lightning hits your bound five-headed hydra!!
The bolt of lightning hits you!!
The bolt of lightning hits your cane toad zombie!!
Your cane toad zombie is destroyed!
The fiery plasma hits your bound five-headed hydra!!
The fiery plasma hits you!!! The fire burns you terribly!
* * * LOW HITPOINT WARNING * * *
The dead are walking!
You are too injured to fight recklessly!
You are too injured to fight recklessly!
You swap places.
The polar bear completely misses your boggart zombie.
The polar bear claws your boggart zombie.
The polar bear barely misses your boggart zombie.
Mousus6's ghost mumbles some strange words.
The bolt of lightning hits your bound five-headed hydra!!!
Your bound five-headed hydra is destroyed!
The bolt of lightning hits your boggart zombie!!!
Your boggart zombie is destroyed!
The bolt of lightning hits your yak zombie!
The bolt of lightning hits you!!
You die...
You join the legions of the undead harvest.

......Z#Z######.#..######.#.#.#
.....Z##.Z# ##...## #####.#
....Z####Z## #....# ###
..>Z...ZZ..# ######
...ZZ####### ♣♣ ### ..Z...#
♣♣♣.##.# .ZZZ### ♣♣ ♣..##.##
.ZZ.# ♣..♣.♣#⌠.## .Z..#
♣.♣.Zh#Z@.# Z#### ♣..!♣h)ZZ.#
.# ♣..♣.$#ZZ.## ## ♣. ♣W♣#ZZ..#
# ...♣##Z#Z# ####♣♣♣♣.!##..###
#..####♣♣♣###..P# ###
##.....#####.#...##
#.###.......#.#.......#


You could see a polar bear, a black bear, Mousus6's ghost (ally target), 7
friendly yak zombies, a friendly bullfrog zombie, a friendly hornet zombie and a
friendly spriggan zombie.

Vanquished Creatures
  Erica (D:8)
  4 two-headed ogres (D:11)
  A boulder beetle (D:10)
  4 death yaks
  A skyshark (Lair:1)
  4 elephants (Lair:3)
  2 black mambas
  7 cane toads
  A gargoyle (D:10)
  A rime drake (Lair:4)
  A komodo dragon (Lair:1)
  A spectral two-headed ogre (D:11)
  A troll (D:11)
  A polar bear (Lair:4)
  Sigmund (D:4)
  2 shadows
  2 wraiths
  29 yaks
  3 basilisks
  A wyvern (D:8)
  2 humans (D:11)
  A steam dragon (D:6)
  3 two-headed ogre zombies (D:11)
  6 water moccasins
  3 orc warriors
  2 black bears
  A sky beast (D:7)
  2 ice beasts
  3 wolves
  A centaur (D:9)
  2 kobold brigands
  2 phantoms
  Blork the orc (D:4)
  A gnoll sergeant (D:7)
  7 bullfrogs
  5 scorpions
  11 wights
  A yak zombie (D:11)
  A troll zombie (D:11)
  3 killer bees (D:11)
  2 bombardier beetles
  2 jellies (D:6)
  An electric eel (Lair:4)
  A howler monkey (D:6)
  4 hounds
  2 crimson imps (D:5)
  5 orc priests
  A gnoll bouda (D:6)
  2 human zombies (D:11)
  An iguana (D:5)
  A sleepcap (D:7)
  Natasha (twice) (D:4)
  6 orc wizards
  A killer bee zombie (D:11)
  13 gnolls
  7 adders
  3 shadow imps
  2 white imps
  3 dart slugs
  34 orcs
  7 ball pythons
  5 endoplasms
  A giant cockroach (D:2)
  6 goblins
  9 hobgoblins
  7 jackals
  3 quokkas
  A bat (D:1)
  4 frilled lizards
  11 kobolds
  4 rats
277 creatures vanquished.

Vanquished Creatures (collateral kills)
  A death yak (D:11)
  An elephant (Lair:3)
  A cane toad (Lair:2)
  2 gargoyles
  A rime drake (Lair:2)
  Psyche (D:11)
  A hornet (Lair:4)
  A shadow (D:6)
  A culicivora (Lair:2)
  A wyvern (Lair:4)
  A spriggan (Lair:4)
  17 yaks
  3 water moccasins
  2 orc warriors
  5 wolves (Lair:2)
  4 bullfrogs
  A gnoll sergeant (D:5)
  A scorpion (D:5)
  A wight (D:5)
  A crimson imp (D:5)
  An orc priest (D:9)
  A jelly (D:6)
  2 orc wizards
  Natasha (D:4)
  A gnoll (D:5)
  An adder (D:5)
  7 orcs
  6 kobolds
67 creatures vanquished.

Vanquished Creatures (others)
  A spectral hydra (Lair:4)
  A spectral death yak (D:11)
  A boulder beetle zombie (D:10)
  2 cane toad zombies
  A boggart (Lair:4)
  2 water moccasin zombies
  A wyvern zombie (Lair:4)
  4 yak zombies
  A wolf zombie (Lair:4)
  3 bullfrog zombies
  A boggart zombie (Lair:4)
  A killer bee zombie (D:11)
  An ice beast zombie (D:8)
  A hound zombie (D:5)
  A spectral crimson imp (D:5)
  An adder (D:5)
  3 felid zombies (D:4)
  A human zombie (D:4)
  A jelly zombie (D:6)
  3 adder zombies
  4 gnoll zombies
  A dart slug zombie (D:4)
  A hobgoblin zombie (D:4)
  6 kobold zombies
  8 orc zombies
51 creatures vanquished.

Grand Total: 395 creatures vanquished

Notes
Turn   | Place    | Note
-------+----------+-------------------------------------------
     0 | D:1      | Ge0ff the Mummy Reaver began the quest for the Orb.
     0 | D:1      | Reached XP level 1. HP: 16/16 MP: 4/4
   341 | D:1      | Reached skill level 1 in Necromancy
   362 | D:1      | Reached skill level 1 in Stealth
   532 | D:1      | Reached XP level 2. HP: 22/22 MP: 5/5
   670 | D:1      | Found a faded altar of an unknown god.
  1727 | D:2      | Reached XP level 3. HP: 27/27 MP: 7/7
  1863 | D:2      | Reached skill level 3 in Polearms
  2342 | D:3      | Noticed a black bear
  2432 | D:3      | Found a snail-covered altar of Cheibriados.
  2654 | D:3      | Reached XP level 4. HP: 33/33 MP: 8/8
  3074 | D:3      | Reached skill level 4 in Polearms
  3182 | D:3      | Reached XP level 5. HP: 19/34 MP: 6/9
  3852 | D:4      | Noticed Sigmund
  3862 | D:4      | Found a staircase to the Ecumenical Temple.
  3862 | D:4      | Noticed an orc warrior
  3866 | Temple   | Entered the Ecumenical Temple
  3881 | Temple   | Became a worshipper of Yredelemnul the Dark
  4085 | D:4      | Noticed Natasha
  4090 | D:4      | Killed Natasha
  4137 | D:4      | Your ally Natasha died
  4145 | D:4      | Reached skill level 1 in Armour
  4233 | D:4      | Noticed Natasha
  4258 | D:4      | Killed Natasha
  4259 | D:4      | Reached skill level 5 in Polearms
  4259 | D:4      | Reached XP level 6. HP: 38/40 MP: 8/10
  4311 | D:4      | Noticed Natasha
  4317 | D:4      | Killed Natasha
  4318 | D:4      | Reached * piety under Yredelemnul
  4323 | D:4      | Your ally Natasha died
  4328 | D:4      | Your ally Natasha died
  4517 | D:4      | Noticed Blork the orc
  5482 | D:4      | Killed Sigmund
  5483 | D:4      | Reached skill level 1 in Invocations
  5483 | D:4      | Reached XP level 7. HP: 12/34 MP: 7/11
  5600 | D:4      | Your ally Sigmund died
  5689 | D:5      | Entered Level 5 of the Dungeon
  5768 | D:5      | Reached skill level 6 in Polearms
  5900 | D:5      | Found a shimmering altar of Xom.
  6051 | D:5      | Reached ** piety under Yredelemnul
  6187 | D:5      | Reached skill level 7 in Polearms
  6190 | D:5      | Reached *** piety under Yredelemnul
  6430 | D:5      | Reached XP level 8. HP: 55/58 MP: 12/12
  6437 | D:5      | Reached skill level 1 in Evocations
  6870 | D:5      | Reached **** piety under Yredelemnul
  7769 | D:4      | Found a staircase to the Ecumenical Temple.
  7865 | D:4      | Killed Blork the orc
  8580 | D:6      | Reached skill level 8 in Polearms
  8580 | D:6      | Reached XP level 9. HP: 47/65 MP: 13/13
  9410 | D:6      | Reached skill level 9 in Polearms
 10468 | D:8      | Noticed Erica
 10491 | D:8      | Killed Erica
 10492 | D:8      | Reached skill level 5 in Fighting
 10492 | D:8      | Reached skill level 10 in Polearms
 10492 | D:8      | Reached XP level 10. HP: 49/74 MP: 14/14
 10706 | D:8      | Reached ***** piety under Yredelemnul
 10819 | D:8      | Found the +4 robe of Folly {Brill Will-∞ Int+8}
 11467 | D:9      | Found a radiant altar of Vehumet.
 11544 | D:9      | Found a hide-covered altar of Uskayaw.
 11546 | D:9      | Found a broken altar of Ashenzari.
 11559 | D:9      | Found a hazy altar of Hepliaklqana.
 11560 | D:9      | Found an opulent altar of Gozag.
 11876 | D:9      | Reached skill level 5 in Invocations
 12222 | D:10     | Entered Level 10 of the Dungeon
 12222 | D:10     | Noticed a boulder beetle
 12248 | D:10     | Killed a boulder beetle
 12253 | D:10     | Noticed a gargoyle
 12276 | D:10     | Killed a gargoyle
 12278 | D:10     | Reached XP level 11. HP: 16/83 MP: 15/15
 12487 | D:10     | Learned a level 4 spell: Dispel Undead
 12493 | D:10     | Found a staircase to the Orcish Mines.
 12558 | D:10     | Found Ylevewex's General Store.
 12589 | D:10     | Reached skill level 11 in Polearms
 13097 | D:11     | Found an iron altar of Okawaru.
 13253 | D:11     | Noticed a death yak
 13255 | D:11     | Noticed a death yak
 13255 | D:11     | Noticed a two-headed ogre
 13259 | D:11     | Killed a two-headed ogre
 13263 | D:11     | Noticed a death yak
 13263 | D:11     | Noticed a death yak
 13264 | D:11     | Killed a death yak
 13265 | D:11     | Reached skill level 5 in Armour
 13266 | D:11     | Noticed a death yak
 13328 | D:10     | Killed a death yak
 13509 | D:11     | Noticed a two-headed ogre
 13520 | D:11     | Killed a two-headed ogre
 13625 | D:11     | Noticed a two-headed ogre
 13625 | D:11     | Noticed a two-headed ogre
 13635 | D:11     | Killed a two-headed ogre
 13640 | D:11     | Killed a two-headed ogre
 13641 | D:11     | Reached skill level 1 in Throwing
 13877 | D:11     | Killed a death yak
 13877 | D:11     | Killed a death yak
 13877 | D:11     | Killed a death yak
 13878 | D:11     | Reached skill level 12 in Polearms
 13896 | D:11     | Found a staircase to the Lair.
 13975 | D:11     | Noticed Psyche
 13982 | D:11     | Killed Psyche
 13983 | D:11     | Reached XP level 12. HP: 84/92 MP: 17/17
 14315 | Lair:1   | Entered Level 1 of the Lair of Beasts
 15046 | Lair:1   | Reached ****** piety under Yredelemnul
 15060 | Lair:1   | Reached skill level 5 in Evocations
 15666 | Lair:2   | Identified the ring of Lonwopack {+Blink Fly Int+4 Dex+2}
 16150 | Lair:2   | Found a hole to the Spider Nest.
 16296 | Lair:2   | Found a staircase to the Swamp.
 17186 | Lair:3   | Reached skill level 13 in Polearms
 18143 | Lair:4   | Gained mutation: You are strongly in touch with the powers
                  | of death. [Mummy growth]
 18143 | Lair:4   | Reached XP level 13. HP: 98/102 MP: 19/19
 18628 | Lair:4   | Found a runed translucent door.
 18628 | Lair:4   | Identified the +2 trident of Equivalence {speed, rC+ rN+}
 18628 | Lair:4   | Noticed Mousus6's ghost (journeyman OnFE)
 19037 | Lair:4   | Reached skill level 10 in Fighting
 19040 | Lair:4   | Killed from afar by Mousus6's ghost

Illustrated notes

Levels and vault maps discovered:
D:1:      heliophobic_arrival_ceremonial_halls, layout_basic,
          shapermc_ecumenical_altar_pompeii, serial_forest,
          infiniplex_forest_join, infiniplex_forest_lined_3,
          infiniplex_forest_clump_double, infiniplex_forest_straight_1
D:2:      minmay_chambers_of_ones, layout_loops_ring, grunt_decor_junction,
          hangedman_glass_teeth, nrook_campfire, chequers_serial_rivers_micro_e,
          grunt_ministairs_11
D:3:      wander_river, layout_basic, mainiacjoe_overflow_alcove_1,
          minmay_distorted
D:4:      layout_basic, minmay_temple_entry_slanted, uniq_blork_the_orc,
          uniq_sigmund, uniq_natasha
D:5:      layout_loops_corners, led_xom_imps, st_stairs_5
D:6:      cheibrodos_barr_body, layout_basic, minivault_1
D:7:      layout_layer_cave
D:8:      layout_basic, uniq_erica
D:9:      layout_roguey, grunt_temple_overflow_open
D:10:     layout_layer_cave, orc_0_dummy, serial_shops, nicolae_shop_trees
D:11:     layout_irregular_city, dpeg_lair_monsters, okawaru_humans, uniq_psyche
Temple:   compressed_dpeg_circular_temple
Lair:1:   layout_gridlike, grunt_megastairs_4
Lair:2:   layout_gridlike, swamp_mist, hellmonk_spider_entry_life_and_decay
Lair:3:   layout_regular_city
Lair:4:   layout_cave_pods, ebering_ghost_funeral_grove, beast_lair_carwin_6,
          serial_bayou_shore_a

Skill      XL: |  1  2  3  4  5  6  7  8  9 10 11 12 13 |
---------------+----------------------------------------+-----
Necromancy     | 1 2 |  2.0
Stealth        | 1 |  1.0
Spellcasting   | 3 |  3.0
Polearms       | 3 4 5 7 8 10 12 13 | 13.2
Armour         | 1 2 3 4 5 |  5.0
Fighting       | 3 4 5 6 7 9 10 | 10.0
Invocations    | 1 3 4 5 6 8 |  8.8
Evocations     | 3 4 5 |  5.0
Throwing       | 1 2 |  2.0
Dodging        | 2 |  2.0
Conjurations   | |  2.4

Action                     |  1- 3 |  4- 6 |  7- 9 | 10-12 | 13-15 || total
---------------------------+-------+-------+-------+-------+-------++-------
  Melee: Spear             |   334 |   195 |   426 |   354 |       ||  1309
         Punch             |    12 |     6 |    34 |    52 |     5 ||   109
         Trident           |       |       |    46 |   265 |    56 ||   367
   Fire: Sling             |       |       |     2 |       |       ||     2
  Throw: Stone             |     3 |     5 |       |       |       ||     8
         Dart              |       |     6 |     5 |       |       ||    11
         Boomerang         |       |       |       |     7 |       ||     7
   Cast: Kiss of Death     |       |     7 |       |       |       ||     7
 Invoke: Dark Bargain      |       |       |     3 |       |       ||     3
         Recall Undead Har |       |       |     1 |     2 |       ||     3
         Bind Soul         |       |       |       |       |     1 ||     1
  Evoke: Wand              |       |       |     1 |    21 |       ||    22
    Use: Scroll            |       |     8 |     6 |     9 |       ||    23
   Stab: Sleeping          |     4 |       |       |       |       ||     4
         Distracted        |       |       |     3 |     2 |     1 ||     6
         Paralysed         |       |       |     5 |    14 |       ||    19
 Armour: Leather armour    |    52 |    37 |       |       |       ||    89
         Ring mail         |       |   100 |    94 |       |       ||   194
         Chain mail        |       |       |   131 |   305 |    42 ||   478
  Dodge: Dodged            |    57 |    87 |   123 |   145 |     9 ||   421
  Block: Other             |       |       |       |    36 |     9 ||    45
         Reflection        |       |       |       |       |     1 ||     1

Table legend: (Time is in decaauts)
 A = Elapsed time spent in this place.
 B = Non-inter-level travel time spent in this place.
 C = Inter-level travel time spent in this place.
 D = Time resting spent in this place.
 E = Time spent auto-exploring this place.
 F = Levels seen in this place.
 G = Mean time per level.
                   A        B        C        D        E       F      G
               +--------+--------+--------+--------+--------+-----+--------+
         Total |  18608 |  17321 |   1287 |   2820 |   9292 |  16 | 1163.0 |
       Dungeon |  14013 |  12878 |   1135 |   2082 |   6863 |  11 | 1273.9 |
        Temple |     31 |     31 |      0 |      0 |      0 |   1 |   31.0 |
          Lair |   4562 |   4410 |    152 |    738 |   2429 |   4 | 1140.5 |
               +--------+--------+--------+--------+--------+-----+--------+

Top non-repeatable levels by time:
     D:3: 2175 daAuts
     D:4: 1759 daAuts
     D:2: 1497 daAuts
     D:5: 1415 daAuts
     D:6: 1314 daAuts
  Lair:1: 1225 daAuts
     D:1: 1207 daAuts
  Lair:3: 1162 daAuts
    D:11: 1154 daAuts
     D:9: 1113 daAuts
  Lair:2: 1106 daAuts
  Lair:4: 1068 daAuts
    D:10: 877 daAuts
     D:8: 763 daAuts
     D:7: 735 daAuts
